 Dungeon Crawl Stone Soup version 0.25.0-10-g039870ee82 (webtiles) character file.

Game seed: 12221062946245409233

116 GenChuck the Chopper (level 4, 0/33 HPs)
             Began as a Demonspawn Gladiator on June 22, 2020.
             Succumbed to an adder's poison
             ... on level 3 of the Dungeon.
             The game lasted 00:17:29 (3311 turns).

GenChuck the Chopper (Demonspawn Gladiator)         Turns: 3311, Time: 00:17:29

Health: 0/33       AC:  3    Str: 16    XL:     4   Next: 69%
Magic:  4/4        EV: 12    Int:  9    God:
Gold:   116        SH:  0    Dex: 14    Spells: 3/3 levels left

rFire    . . .     SeeInvis .   a - +0 war axe
rCold    . . .     Gourm    .   (no shield)
rNeg     . . .     Faith    .   b - +0 leather armour
rPois    .         Spirit   .   (helmet restricted)
rElec    .         Reflect  .   (no cloak)
rCorr    .         Harm     .   (no gloves)
MR       .....                  (no boots)
Stlth    +.........             (no amulet)
HPRegen  0.11/turn              (no ring)
MPRegen  0.09/turn              (no ring)

@: lethally poisoned (0 -> -2)
A: antennae 1
a: no special abilities


You were on level 3 of the Dungeon.
You were not hungry.

You visited 1 branch of the dungeon, and saw 3 of its levels.

You collected 116 gold pieces.

Inventory:

Hand Weapons
 a - a +0 war axe (weapon)
Missiles
 d - 3 throwing nets (quivered)
 n - 3 curare-tipped darts
Armour
 b - a +0 leather armour (worn)
 c - a +0 helmet
Scrolls
 e - a scroll of amnesia {unknown}
 h - 3 scrolls of identify {unknown}
 i - 2 scrolls of teleportation {unknown}
 j - 2 scrolls of remove curse {unknown}
Potions
 g - a potion of curing {unknown}
 k - a potion of invisibility {unknown}
 l - a potion of mutation {unknown}
 o - a potion of might {unknown}
 p - 2 potions of haste
 q - a potion of degeneration {unknown}
Comestibles
 f - 4 rations


   Skills:
 - Level 2.0 Fighting
 * Level 4.9 Axes
 - Level 1.7 Throwing
 + Level 0.6 Armour
 - Level 2.6 Dodging
 + Level 0.1 Stealth


You had 3 spell levels left.
You didn't know any spells.
Your spell library was empty.

Dungeon Overview and Level Annotations

Branches:
Dungeon (3/15)

Altars:
Ashenzari
Wu Jian
Yredelemnul

Portals:
Abyss: D:3

Annotations:
D:3 2 transporters, Fv001's ghost, amateur SpAs; Sigmund


Innate Abilities, Weirdness & Mutations

You have a pair of small antennae on your head.


Message History

* * * LOW HITPOINT WARNING * * *
There is an open door here.
You feel sick.
You feel sick.
You are no longer poisoned.
The adder closely misses you. The adder completely misses you.
The adder bites you.
* * * LOW HITPOINT WARNING * * *
You are lethally poisoned!
The adder poisons you!
* * * LOW HITPOINT WARNING * * *
You feel sick.
* * * LOW HITPOINT WARNING * * *
You feel sick. The adder closely misses you.
* * * LOW HITPOINT WARNING * * *
You feel sick. The adder misses you.
You die...

........# #....# .##
......#.. +....+ ...
.....##.###....# ##..#
####...........+ ...#
#...#.#.##.....###.##
####
#...#.#.##.........#.#
...###
#...#...##...####..##[
.....# #.(.....##.รท.#
#...## .....#
#....@..###### #.....
.....#########S...>#
##....
..............S..#.#
#####
..............####.#
##(..########.# #.#
###.# ###.# .# #.#
#<#.# .# #.# #.#.# .#
#.# #.#.#


You could see an adder and a ball python.

Vanquished Creatures
  4 adders
  An ooze (D:1)
  A worm (D:2)
  2 dart slugs
  2 leopard geckos (D:2)
  2 ball pythons (D:1)
  5 bats
  11 goblins
  9 hobgoblins
  6 jackals (D:1)
  A quokka (D:2)
  11 frilled lizards
  2 kobolds
  10 rats
67 creatures vanquished.

Vanquished Creatures (others)
  A plant (D:3)
1 creature vanquished.

Grand Total: 68 creatures vanquished

Notes
Turn   | Place    | Note
-------+----------+-------------------------------------------
     0 | D:1      | GenChuck the Demonspawn Gladiator began the quest for the
                  | Orb.
     0 | D:1      | Reached XP level 1. HP: 16/16 MP: 1/1
   207 | D:1      | Reached skill level 3 in Axes
   427 | D:1      | Gained mutation: You have a pair of small antennae on your
                  | head. [demonic ancestry]
   427 | D:1      | Reached XP level 2. HP: 20/22 MP: 2/2
   835 | D:1      | Reached XP level 3. HP: 12/27 MP: 3/3
  1443 | D:2      | Reached skill level 4 in Axes
  1625 | D:2      | Found a basalt altar of Yredelemnul.
  1796 | D:2      | Reached XP level 4. HP: 18/33 MP: 4/4
  2414 | D:2      | Found a shattered altar of Ashenzari.
  2436 | D:2      | Found an ornate altar of the Wu Jian Council.
  2462 | D:2      | Found a faded altar of an unknown god.
  2835 | D:3      | Noticed Sigmund
  2851 | D:3      | Found a transporter.
  2851 | D:3      | Found a transporter.
  2852 | D:3      | Found a one-way gate to the infinite horrors of the Abyss.
  2852 | D:3      | Noticed Fv001's ghost (amateur SpAs)
  2880 | D:3      | Noticed a big kobold
  3307 | D:3      | HP: 1/33 [poisoned by an adder]
  3311 | D:3      | Succumbed to an adder's poison

Illustrated notes

Levels and vault maps discovered:
D:1:      lightli_arrival_lavapool, layout_basic
D:2:      layout_loops_corners, overflow_temple_1_default,
          nicolae_overflow_hidden_temple, lemuel_round_altar,
          chequers_ecumenical_altar_grove, serial_bayou_pond_b,
          minmay_lizard_king
D:3:      corexii_shack_village, layout_basic, overflow_temple_1_default,
          gammafunk_ghost_abyssal_escape, uniq_sigmund

Skill      XL: |  1  2  3 |
---------------+----------+-----
Axes           | 3 4 |  4.9
Fighting       | |  2.0
Throwing       | |  1.7
Armour         | |  0.6
Dodging        | |  2.6
Stealth        | |  0.1

Action                   |  1- 3 |  4- 6 || total
-------------------------+-------+-------++-------
Melee: War axe           |   141 |    52 ||   193
 Stab: Sleeping          |       |     1 ||     1
  Eat: Chunk             |     3 |     2 ||     5
       Ration            |       |     1 ||     1
Armor: Leather armour    |    27 |    14 ||    41
Dodge: Dodged            |    95 |    45 ||   140
